 Dungeon Crawl Stone Soup version 0.26-a0-642-g67e99244d3 (webtiles) character file.

Game seed: 9997021039413003470

259 DogServant the Grave Robber (level 5, 19/38 HPs)
             Began as a Vampire Necromancer on Sept 22, 2020.
             Quit the game on level 4 of the Dungeon.
             The game lasted 00:12:48 (3648 turns).

DogServant the Grave Robber (Vampire Necromancer)   Turns: 3648, Time: 00:12:48

Health: 19/38      AC:  3    Str:  8    XL:     5   Next: 95%
Magic:  9/9        EV: 14    Int: 18    God:
Gold:   184        SH:  0    Dex: 14    Spells: 2/10 levels left

rFire    . . .     SeeInvis +   p - +0 dagger
rCold    . . .     Faith    .   (no shield)
rNeg     . . .     Spirit   .   a - +0 robe
rPois    .         Reflect  .   (no helmet)
rElec    .         Harm     .   (no cloak)
rCorr    .         Rampage  .   o - +0 pair of gloves
MR       .....                  (no boots)
Stlth    ++........             f - amulet of magic regeneration
HPRegen  0.32/turn              (no ring)
MPRegen  0.36/turn              (no ring)

@: regenerating quickly
A: fangs 3, see invisible, unbreathing
a: Exsanguinate


You were on level 4 of the Dungeon.
You visited 1 branch of the dungeon, and saw 4 of its levels.

You collected 184 gold pieces.

Inventory:

Hand Weapons
 p - a +0 dagger (weapon)
 y - a +2 dagger of venom
Missiles
 m - 8 poisoned darts (quivered)
Armour
 a - a +0 robe (worn)
 o - a +0 pair of gloves (worn)
 u - a +2 leather armour of fire resistance
 v - a +0 pair of gloves
Jewellery
 f - an amulet of magic regeneration (around neck)
 q - an uncursed ring of resist corrosion {unknown}
Wands
 t - a wand of random effects (19)
Scrolls
 d - 4 scrolls of identify
 h - a scroll of magic mapping
 j - a scroll of remove curse
 k - a scroll of enchant armour {unknown}
 n - a scroll of enchant weapon {unknown}
 w - a scroll of blinking {unknown}
Potions
 c - a potion of might
 e - 2 potions of brilliance
 g - a potion of flight
 i - a potion of invisibility {unknown}
 l - a potion of degeneration {unknown}
 r - a potion of resistance {unknown}
 s - a potion of lignification {unknown}
 x - a potion of stabbing {unknown}


   Skills:
 + Level 2.1 Fighting
 + Level 0.4 Short Blades
 + Level 3.9 Dodging
 - Level 3.0 Stealth
 - Level 3.0 Spellcasting
 + Level 0.8 Hexes
 + Level 5.7 Necromancy


You had 2 spell levels left.
You knew the following spells:

 Your Spells              Type           Power        Failure   Level
a - Pain                  Necr           ###.         1%          1
b - Animate Skeleton      Necr           ###...       1%          1
c - Vampiric Draining     Necr           ###.......   4%          3
d - Confusing Touch       Hex            #.......     34%         3

Your spell library contained the following spells:

 Spells                   Type           Power        Failure   Level
 Animate Dead             Necr           ###.......   16%         4
 Agony                    Necr           ###.....     38%         5
 Gell's Gravitas          Tloc           #.........   43%         3
 Petrify                  Tmut/Erth      #.......     85%         4
 Metabolic Englaciation   Hex/Ice        #.........   98%         5
 Yara's Violent Unravell  Hex/Tmut       #.........   98%         5


Dungeon Overview and Level Annotations

Branches:
Dungeon (4/15)
 Temple: D:4-7

Altars:
Dithmenos
Qazlal

Annotations:
D:3 Sigmund


Innate Abilities, Weirdness & Mutations

Your natural rate of healing is unusually fast.
You have razor-sharp teeth.
You have supernaturally acute eyesight. (SInv)
You can survive without breathing.


Message History

Your adder skeleton closely misses the phantom.
The phantom blinks!
The phantom blinks!
Your adder skeleton barely misses the phantom.
The phantom blinks!
The phantom hits you.
You hit the phantom but do no damage.
The phantom blinks!
Your adder skeleton bites the phantom.
The phantom hits your adder skeleton.
Your adder skeleton is destroyed!
The phantom barely misses you.
You hit the phantom but do no damage.
The phantom is lightly damaged.
The phantom barely misses you.
You barely miss the phantom.
The phantom is lightly damaged.
The phantom hits you!
The phantom blinks!
The phantom blinks!
There is a stone staircase leading down here.
You can't go up here!
Are you sure you want to abandon this character and quit the game? (Confirm with "yes".)

#.........#...........,*
#####.###.#.##.#######**
#...###.##.##
##....#.#...#
##..##.###.#
###.##.###.#
##...#......#
#####...##..######
................@#
###........###.#.#
#.##.#######.#.# #.##.#
###..ยง#.# #....#
#.....#.#
**########.#.#.#.#
,+,*** #........#
**,,,***#...#.####
*,,,,,,*##.......#


There were no monsters in sight!

Vanquished Creatures
  2 bullfrog skeletons (D:4)
  An orc wizard (D:4)
  Ijyb (D:3)
  A worker ant (D:4)
  4 adders
  An adder skeleton (D:3)
  4 worms
  3 dart slugs
  3 leopard geckos
  An orc (D:3)
  A giant cockroach (D:2)
  10 goblins
  9 hobgoblins
  A quokka (D:4)
  7 bats
  2 frilled lizards
  7 kobolds
  6 rats
64 creatures vanquished.

Vanquished Creatures (collateral kills)
  A worm (D:3)
  A giant cockroach (D:3)
  2 kobolds (D:3)
4 creatures vanquished.

Grand Total: 68 creatures vanquished

Notes
Turn   | Place    | Note
-------+----------+-------------------------------------------
     0 | D:1      | DogServant the Vampire Necromancer began the quest for the
                  | Orb.
     0 | D:1      | Reached XP level 1. HP: 13/13 MP: 3/3
   601 | D:1      | Reached XP level 2. HP: 15/15 MP: 1/5
   980 | D:1      | Learned a level 1 spell: Animate Skeleton
  1286 | D:2      | Found a shadowy altar of Dithmenos.
  1772 | D:2      | Reached XP level 3. HP: 14/21 MP: 2/6
  1906 | D:2      | Learned a level 3 spell: Vampiric Draining
  2003 | D:2      | Found a stormy altar of Qazlal.
  2303 | D:3      | Noticed Sigmund
  2519 | D:3      | Reached skill level 5 in Necromancy
  2695 | D:3      | Reached XP level 4. HP: 27/27 MP: 6/8
  2708 | D:3      | Noticed Ijyb
  2877 | D:3      | Killed Ijyb
  2877 | D:3      | Reached skill level 1 in Fighting
  2910 | D:3      | Learned a level 3 spell: Confusing Touch
  3212 | D:4      | Reached XP level 5. HP: 31/37 MP: 1/9
  3604 | D:4      | Noticed a phantom
  3648 | D:4      | Quit the game

Illustrated notes

Levels and vault maps discovered:
D:1:      dpeg_arrival_tiny_a, layout_basic, serial_forest,
          infiniplex_forest_clump_small, infiniplex_forest_pool,
          infiniplex_forest_clump_double, infiniplex_forest_clump_diagonal,
          infiniplex_forest_lined_3_way, infiniplex_forest_end_2
D:2:      layout_loops_ring, grunt_qazlal_clouds, minmay_door_square,
          chequers_decorated_corner, nicolae_dithmenos_shadow_blocks
D:3:      layout_rooms, grunt_decor_mini_mirrors, uniq_sigmund, uniq_ijyb
D:4:      minmay_skewed_foursquare, layout_basic, minmay_misc_feat_square,
          uniq_duvessa

Skill      XL: |  1  2  3  4  5 |
---------------+----------------+-----
Dodging        | 3 |  3.9
Necromancy     | 5 |  5.7
Fighting       | 1 2 |  2.1
Spellcasting   | 3 |  3.0
Short Blades   | |  0.4
Stealth        | |  3.0
Hexes          | |  0.8

Action                   |  1- 3 |  4- 6 || total
-------------------------+-------+-------++-------
Melee: Unarmed           |    84 |       ||    84
       Bite              |     8 |     8 ||    16
       Dagger            |    36 |    67 ||   103
Throw: Dart              |     2 |       ||     2
 Cast: Pain              |    65 |    21 ||    86
       Vampiric Draining |     6 |    11 ||    17
       Animate Skeleton  |     3 |     3 ||     6
 Abil: Exsanguinate      |     1 |       ||     1
       Revivify          |     1 |       ||     1
  Use: Scroll            |     3 |     3 ||     6
 Stab: Sleeping          |     3 |       ||     3
       Distracted        |       |     1 ||     1
Armor: Robe              |    48 |    15 ||    63
Dodge: Dodged            |   142 |    65 ||   207

Table legend: (Time is in decaauts)
 A = Elapsed time spent in this place.
 B = Non-inter-level travel time spent in this place.
 C = Inter-level travel time spent in this place.
 D = Time resting spent in this place.
 E = Time spent auto-exploring this place.
 F = Levels seen in this place.
 G = Mean time per level.
                   A        B        C        D        E       F      G
               +--------+--------+--------+--------+--------+-----+--------+
         Total |   3649 |   3613 |     36 |    775 |   2021 |   4 |  912.2 |
       Dungeon |   3649 |   3613 |     36 |    775 |   2021 |   4 |  912.2 |
               +--------+--------+--------+--------+--------+-----+--------+

Top non-repeatable levels by time:
     D:1: 1250 daAuts
     D:2: 1198 daAuts
     D:3: 647 daAuts
     D:4: 552 daAuts
